 Dungeon Crawl Stone Soup version 0.31-a0-1068-g5939ac1fb6 (webtiles) character file.

Game seed: 12635399941431274657

9152 isshat the Severer (level 11, -5/148 HPs)
             Began as a Minotaur Berserker on Nov 24, 2023.
             Was a Priest of Trog.
             Slain by a two-headed ogre
             ... wielding a +0 giant club
              (21 damage)
             ... on level 10 of the Dungeon.
             The game lasted 01:09:49 (10722 turns).

isshat the Severer (Minotaur Berserker)            Turns: 10722, Time: 01:09:49

Health: -5/148     AC: 18    Str: 27    XL:     11   Next: 19%
Magic:  7/10       EV:  8    Int:  4    God:    Trog [***...]
Gold:   454        SH:  0    Dex:  9    Spells: 10/10 levels left

rFire   . . .        s - +7 hand axe "Yrotz" {heavy, Stlth+}
rCold   . . .        (no shield)
rNeg    . . .        y - +0 plate armour
rPois   .            (helmet restricted)
rElec   .            (no cloak)
rCorr   .            a - +1 pair of gloves {infuse}
SInv    +            u - +0 pair of boots
Will    ++...        (no amulet) Stlth
                     k - ring of see invisible
HPRegen 1.44/turn    (no ring)
MPRegen 0.12/turn

%: infuse magic (1 MP)
@: berserking, strong-willed, regenerating, very quick
A: horns 2, retaliatory headbutt
a: Renounce Religion, Berserk, Trog's Hand


You were on level 10 of the Dungeon.
You worshipped Trog.
Trog was most pleased with you.
You visited 2 branches of the dungeon, and saw 12 of its levels.

You collected 564 gold pieces.
You spent 110 gold pieces at shops.

Inventory:

Hand Weapons
 m - a +5 battleaxe
 s - the +7 hand axe "Yrotz" (weapon) {heavy, Stlth+}
   (You found it on level 4 of the Dungeon)

   Stlth+:    It makes you more stealthy.
 w - a +0 war axe
 x - the +8 hammer of Hatred {drain, rElec rC+ Will+ Stlth+}
   (You found it on level 7 of the Dungeon)

   rC+:       It protects you from cold.
   rElec:     It insulates you from electricity.
   Will+:     It increases your willpower.
   Stlth+:    It makes you more stealthy.
Armour
 a - a +1 pair of gloves of infusion (worn)
 b - the +0 chain mail of the Lost Path {Regen+}
   (You found it on level 7 of the Dungeon)

   Regen+:    It increases your rate of health regeneration.
 u - a +0 pair of boots (worn)
 y - a +0 plate armour (worn)
Jewellery
 k - a ring of see invisible (left hand)
 o - an amulet of faith
Wands
 q - a wand of polymorph (4)
 C - a wand of roots (5)
 D - a wand of flame (4) (quivered)
Scrolls
 c - 4 scrolls of fog
 e - 4 scrolls of enchant armour
 f - 3 scrolls of teleportation {unknown}
 h - 2 scrolls of identify
 j - a scroll of amnesia {unknown}
 r - 2 scrolls of enchant weapon
 v - 2 scrolls of fear {unknown}
 z - 2 scrolls of noise {unknown}
 A - a scroll of poison {unknown}
 G - a scroll of immolation {unknown}
Potions
 d - 2 potions of heal wounds
 g - a potion of mutation {unknown}
 i - 5 potions of curing
 l - a potion of degeneration {unknown}
 n - 2 potions of attraction {unknown}
 p - 2 potions of invisibility {unknown}
 t - a potion of magic {unknown}
 B - a potion of might {unknown}
 E - a potion of lignification {unknown}
 F - a potion of resistance {unknown}


   Skills:
 - Level 10.0 Fighting
 + Level 16.2 Axes
 - Level 10.0 Armour
 - Level 2.4 Dodging


You had 10 spell levels left.
You didn't know any spells.
Your spell library was empty.

Dungeon Overview and Level Annotations

Branches:
Dungeon (11/15)            Temple (1/1) D:5
   Lair: D:8-11         Orc: D:9-12

Altars:
Ashenzari
Cheibriados
Dithmenos
Elyvilon
Fedhas
Gozag
Hepliaklqana
Kikubaaqudgha
Makhleb
Nemelex Xobeh
Okawaru
Qazlal
Ru
Sif Muna
Trog
Uskayaw
Vehumet
Wu Jian
Xom
Yredelemnul
Zin
The Shining One

Shops:
D:4 ?

Annotations:
D:6 Jeremiah
D:7 1 runed translucent door


Innate Abilities, Weirdness & Mutations

You have a pair of horns on your head.
You reflexively headbutt those who attack you in melee.


Message History

Done waiting.
You start waiting.
Done waiting.
You start waiting.
Done waiting.
You climb downwards.
The howler monkey howls!
The boulder beetle bites you.
The two-headed ogre hits you with a +0 giant club!
The two-headed ogre hits you with a +0 giant spiked club!!
There is a stone staircase leading up, spattered with blood here.
The boulder beetle bites you but does no damage.
You climb upwards.
There is a stone staircase leading down, spattered with blood here.
Unknown command.
Your skin crawls.
You feel strong-willed.
The boulder beetle bites you but does no damage.
The two-headed ogre closely misses you.
The two-headed ogre hits you with a +0 giant spiked club!!
A red film seems to cover your vision as you go berserk!
You feel yourself moving faster!
You feel mighty! The boulder beetle barely misses you.
The two-headed ogre barely misses you. You furiously retaliate!
You headbutt the two-headed ogre!
The two-headed ogre hits you with a +0 giant spiked club!
You barely miss the two-headed ogre. You headbutt the two-headed ogre.
The two-headed ogre is moderately wounded.
You barely miss the boulder beetle. The boulder beetle bites you!
* * * LOW HITPOINT WARNING * * *
You slice the two-headed ogre!!
The two-headed ogre is severely wounded.
You slice the boulder beetle!!
You completely miss the two-headed ogre.
The two-headed ogre is severely wounded.
You hit the boulder beetle but do no damage.
The boulder beetle bites you but does no damage.
The two-headed ogre hits you with a +0 giant club!!
* * * LOW HITPOINT WARNING * * *
The two-headed ogre hits you with a +0 giant spiked club!!
You die...

#.#.#.#....######.###.#
#.#.#.#...............#
#.#.......######.#.####
#.###.##........###...#
#.###.##..######.#.##.#
#.................###.#
#####..#..######### #.#
#..........O# #.#
######.....#####@# #.#
.......#...# #B# #.#
######...#.#####.#####.#
##.##.......}.....#
#######.######...#######
.........# #.###
#######.## #.# ### #.#
### #.#


You could see a boulder beetle and a two-headed ogre.

Vanquished Creatures
  4 two-headed ogres
  Maggie (D:8)
  An unseen horror (D:10)
  A hornet (D:8)
  Grinder (D:5)
  Sigmund (D:5)
  A wraith (D:10)
  10 yaks
  A steam dragon (D:8)
  3 water moccasins
  2 acid dragons (D:10)
  2 ice beasts
  4 orc warriors
  A black bear (D:5)
  A sky beast (D:7)
  3 ogres
  4 centaurs
  2 kobold brigands
  A gnoll sergeant (D:9)
  2 bullfrogs
  2 scorpions
  5 wights (D:8)
  12 killer bees
  2 howler monkeys (D:9)
  4 hounds
  A jelly (D:6)
  4 orc priests
  2 gnoll boudas
  2 sleepcaps
  3 iguanas
  Crazy Yiuf (D:7)
  4 orc wizards
  11 adders
  13 gnolls
  4 ufetubi
  5 worms
  3 dart slugs
  11 orcs
  6 ball pythons
  10 endoplasms
  4 giant cockroaches
  11 goblins
  6 hobgoblins
  3 jackals (D:4)
  2 quokkas
  6 bats
  5 frilled lizards
  14 kobolds
  4 rats (D:1)
206 creatures vanquished.

Vanquished Creatures (others)
  An orc (D:8)
1 creature vanquished.

Grand Total: 207 creatures vanquished

Notes
Turn   | Place    | Note
-------+----------+-------------------------------------------
     0 | D:1      | isshat the Minotaur Berserker began the quest for the Orb.
     0 | D:1      | Reached XP level 1. HP: 19/19 MP: 0/0
   113 | D:1      | Reached XP level 2. HP: 23/27 MP: 1/1
   155 | D:1      | Reached skill level 4 in Axes
   331 | D:1      | Reached ** piety under Trog
   489 | D:1      | Reached XP level 3. HP: 33/33 MP: 2/2
   731 | D:2      | Reached skill level 5 in Axes
   775 | D:2      | Identified the +7 great sword of Wuvocwoi {freeze, rPois
                  | rC+ rN+ Stlth+}
   999 | D:2      | Reached XP level 4. HP: 40/40 MP: 3/3
  1173 | D:2      | You fall into a shaft and drop 2 floors!
  1173 | D:4      | Found a radiant altar of Vehumet.
  1268 | D:4      | Reached skill level 6 in Axes
  1277 | D:4      | Found Onloyski's Magic Scroll Shop.
  1325 | D:3      | Identified the +7 dagger of Magnificence {freeze, Fragile
                  | Fly rElec Str+2}
  1384 | D:2      | Reached XP level 5. HP: 46/46 MP: 4/4
  1743 | D:3      | Reached skill level 7 in Axes
  1756 | D:3      | Reached *** piety under Trog
  2113 | D:4      | Found a shadowy altar of Dithmenos.
  2215 | D:4      | Identified the +7 hand axe "Yrotz" {heavy, Stlth+}
  2532 | D:4      | Reached XP level 6. HP: 52/52 MP: 5/5
  2571 | D:4      | Reached skill level 8 in Axes
  2809 | D:4      | Bought a scroll of identify for 22 gold pieces
  2809 | D:4      | Bought a scroll of identify for 22 gold pieces
  2809 | D:4      | Bought a scroll of identify for 22 gold pieces
  2809 | D:4      | Bought a scroll of identify for 22 gold pieces
  2809 | D:4      | Bought a scroll of identify for 22 gold pieces
  3013 | D:5      | Entered Level 5 of the Dungeon
  3013 | D:5      | Noticed Grinder
  3022 | D:5      | Killed Grinder
  3023 | D:5      | Reached skill level 9 in Axes
  3023 | D:5      | Reached XP level 7. HP: 58/58 MP: 6/6
  3126 | D:5      | Found a staircase to the Ecumenical Temple.
  3135 | Temple   | Entered the Ecumenical Temple
  3247 | D:5      | Reached skill level 10 in Axes
  3651 | D:5      | Found an iron altar of Okawaru.
  3669 | D:5      | Identified the +1 ring mail of Rotation {-Tele rElec Int+8
                  | Slay-2}
  3681 | D:5      | Noticed Sigmund
  3687 | D:5      | Killed Sigmund
  3688 | D:5      | Reached skill level 11 in Axes
  3892 | D:5      | Reached XP level 8. HP: 66/66 MP: 7/7
  4590 | D:6      | Noticed Jeremiah
  4619 | D:6      | Reached skill level 12 in Axes
  4737 | D:6      | Reached skill level 13 in Axes
  4884 | D:6      | Found a glowing golden altar of the Shining One.
  5252 | D:6      | Found a burning altar of Makhleb.
  5686 | D:7      | Found a runed translucent door.
  5687 | D:7      | Noticed a sixfirhy
  5784 | D:7      | Reached skill level 14 in Axes
  5786 | D:7      | Reached XP level 9. HP: 70/72 MP: 4/8
  5974 | D:7      | Reached skill level 5 in Fighting
  6295 | D:7      | Found a runed translucent door.
  6296 | D:7      | Noticed Crazy Yiuf
  6298 | D:7      | Identified the +8 hammer of Hatred {drain, rElec rC+ Will+
                  | Stlth+}
  6305 | D:7      | Killed Crazy Yiuf
  6355 | D:7      | Identified the +6 hammer of the Equator {pain, Str+5}
  6763 | D:7      | Identified the +0 chain mail of the Lost Path {Regen+}
  7240 | D:8      | Reached skill level 10 in Fighting
  7451 | D:8      | Noticed a two-headed ogre
  7513 | D:8      | Killed a two-headed ogre
  7514 | D:8      | Reached XP level 10. HP: 79/93 MP: 5/9
  7848 | D:8      | Noticed Maggie
  7861 | D:8      | Killed Maggie
  8119 | D:9      | Noticed a two-headed ogre
  8194 | D:9      | Killed a two-headed ogre
  8366 | D:9      | Reached skill level 10 in Armour
  8480 | D:9      | Found a bloodstained altar of Trog.
  8857 | D:9      | Found a white marble altar of Elyvilon.
  8937 | D:10     | Entered Level 10 of the Dungeon
  9305 | D:10     | Reached skill level 15 in Axes
  9441 | D:10     | Noticed a two-headed ogre
  9456 | D:10     | Killed a two-headed ogre
  9670 | D:10     | Reached XP level 11. HP: 86/99 MP: 7/10
 10032 | D:11     | Noticed a two-headed ogre
 10043 | D:11     | Noticed a boulder beetle
 10048 | D:10     | Killed a two-headed ogre
 10049 | D:10     | Reached skill level 16 in Axes
 10248 | D:11     | Noticed a two-headed ogre
 10722 | D:10     | Slain by a two-headed ogre

Illustrated notes

Levels and vault maps discovered:
D:1:      lemuel_arrival_broad_hall, layout_rooms, minmay_misc_feat_rows,
          minmay_pentomino_t4
D:2:      layout_basic, nicolae_concentric_dashed_squares_mild, st_stairs_3
D:3:      layout_basic, grunt_decor_junction, solitary_fountain
D:4:      layout_loops_corners, grunt_dithmenos_smoke, old_standard_altar,
          corexii_checkpoint, nicolae_stop_n_shop_2
D:5:      layout_basic, okawaru_trees_1, minmay_temple_entry_mist, uniq_grinder,
          uniq_sigmund
D:6:      layout_rooms, makhleb_blood_cavern_becter, tso_metal_star,
          uniq_jeremiah
D:7:      cheibrodos_shockbox, layout_basic, water_boxes_lemuel,
          uniq_crazy_yiuf_cottage
D:8:      layout_gridville, uniq_maggie
D:9:      layout_rooms, gammafunk_temple_overflow_pools
D:10:     layout_loops_ring
D:11:     layout_cross, lair_entry_dummy, hiddenorc1_lemuel,
          ebering_ghost_rock_garden
Temple:   nicolae_temple_superstar

Skill      XL: |  1  2  3  4  5  6  7  8  9 10 11 |
---------------+----------------------------------+-----
Axes           | 4 5 6 7 9 11 14 15 16 | 16.2
Fighting       | 4 10 | 10.0
Armour         | 6 10 | 10.0
Dodging        | |  2.4

Action                     |  1- 3 |  4- 6 |  7- 9 | 10-12 || total
---------------------------+-------+-------+-------+-------++-------
  Melee: Hand axe          |    78 |    90 |   150 |   108 ||   426
         Headbutt          |    13 |    15 |    20 |    19 ||    67
         Punch             |       |       |     3 |     1 ||     4
   Fire: Orcbow            |       |    19 |       |       ||    19
  Throw: Boomerang         |       |    17 |    14 |       ||    31
         Dart              |       |     3 |       |       ||     3
 Invoke: Berserk           |     1 |     2 |     6 |     5 ||    14
         Trog's Hand       |       |     1 |     9 |     8 ||    18
    Use: Scroll            |       |     3 |     3 |       ||     6
   Stab: Distracted        |       |     1 |       |       ||     1
 Armour: Leather armour    |    13 |       |       |       ||    13
         Scale mail        |    39 |    20 |       |       ||    59
         Chain mail        |       |    37 |    94 |       ||   131
         Plate armour      |       |       |    12 |    92 ||   104
  Dodge: Dodged            |    28 |    40 |    57 |    42 ||   167

Table legend: (Time is in decaauts)
 A = Elapsed time spent in this place.
 B = Non-inter-level travel time spent in this place.
 C = Inter-level travel time spent in this place.
 D = Time resting spent in this place.
 E = Time spent auto-exploring this place.
 F = Levels seen in this place.
 G = Mean time per level.
                   A        B        C        D        E       F      G
               +--------+--------+--------+--------+--------+-----+--------+
         Total |  10874 |  10248 |    626 |   2391 |   3499 |  12 |  906.2 |
       Dungeon |  10872 |  10246 |    626 |   2391 |   3499 |  11 |  988.4 |
        Temple |      1 |      1 |      0 |      0 |      0 |   1 |    1.0 |
               +--------+--------+--------+--------+--------+-----+--------+

Top non-repeatable levels by time:
    D:10: 1750 daAuts
     D:5: 1702 daAuts
     D:7: 1326 daAuts
     D:8: 1277 daAuts
     D:4: 1152 daAuts
     D:2: 954 daAuts
     D:6: 855 daAuts
     D:9: 833 daAuts
     D:1: 593 daAuts
     D:3: 395 daAuts
    D:11: 32 daAuts
  Temple: 1 daAuts
